 Dungeon Crawl Stone Soup version 0.28.0-62-gf88900778d (webtiles) character file.

Game seed: 5555367743520461247

106910 cbfl8 the Impaler (level 16, -5/133 HPs)
             Began as a Merfolk Berserker on Oct 16, 2023.
             Was a High Priest of Trog.
             Slain by an eight-headed hydra (6 damage)
             ... on level 3 of the Lair of Beasts on Oct 17, 2023.
             The game lasted 00:51:04 (39736 turns).

cbfl8 the Impaler (Merfolk Berserker)              Turns: 39736, Time: 00:51:05

Health: -5/133     AC: 18    Str: 22    XL:     16   Next: 45%
Magic:  16/16      EV: 14    Int: 11    God:    Trog [*****.]
Gold:   2540       SH: 22    Dex: 26    Spells: 15/15 levels left

rFire   . . .      SeeInvis +   D - +9 trident (vamp)
rCold   . . .      Faith    .   F - +1 kite shield
rNeg    . . .      Spirit   .   J - +4 scale mail of Golden the Good {rElec Will+ Str+3 Int+3}
rPois   .          Reflect  +   N - +2 helmet of Follow the Leader {Regen+}
rElec   +          Harm     .   (no cloak)
rCorr   .          Rampage  .   w - +0 pair of gloves
Will    ++...                   o - +0 pair of boots
Stlth   ++........              m - amulet of reflection
HPRegen 1.12/turn               l - +6 ring of dexterity
MPRegen 0.15/turn               H - ring "Haiclupp" {Fly rElec Int+2 SInv}

@: lethally poisoned (-5 -> -13), flying, very quick
A: nimble swimmer 2, mertail
a: Renounce Religion, Berserk, Trog's Hand, Brothers in Arms


You were on level 3 of the Lair of Beasts.
You worshipped Trog.
Trog was extremely pleased with you.
You visited 4 branches of the dungeon, and saw 24 of its levels.
You also visited: Ice Cave.

You collected 3237 gold pieces.
You spent 697 gold pieces at shops.

Inventory:

Hand Weapons
 v - a +3 vorpal demon trident
 D - a +9 vampiric trident (weapon)
 M - the +11 glaive of Immorality {vorpal, Will++}
   (You found it in an ice cave)

   It inflicts extra damage upon your enemies.
   Will:      It greatly increases your willpower.
 O - a +6 antimagic spear
Missiles
 k - 4 throwing nets
Armour
 o - a +0 pair of boots (worn)
 w - a +0 pair of gloves (worn)
 F - a +1 kite shield (worn)
 J - the +4 scale mail of Golden the Good (worn) {rElec Will+ Str+3 Int+3}
   (You found it on level 11 of the Dungeon)

   Str:       It affects your strength (+3).
   Int:       It affects your intelligence (+3).
   rElec:     It insulates you from electricity.
   Will:      It increases your willpower.
 N - the +2 helmet of Follow the Leader (worn) {Regen+}
   (You bought it in a shop on level 2 of the Orcish Mines)

   Regen:     It increases your rate of health regeneration.
Jewellery
 j - a ring of flight
 l - a +6 ring of dexterity (left hand)
 m - an amulet of reflection (around neck)
 H - the ring "Haiclupp" (right hand) {Fly rElec Int+2 SInv}
   (You found it on level 9 of the Dungeon)

   [ring of see invisible]

   Int:       It affects your intelligence (+2).
   rElec:     It insulates you from electricity.
   SInv:      It lets you see invisible.
   Fly:       It grants you flight.
 I - a ring of see invisible
Wands
 f - a wand of flame (38)
 A - a wand of digging (8)
 B - a wand of iceblast (22)
Scrolls
 e - 2 scrolls of magic mapping
 g - 3 scrolls of noise
 h - a scroll of brand weapon
 p - 7 scrolls of enchant armour
 q - 2 scrolls of silence
 r - 5 scrolls of fog
 u - a scroll of teleportation
 z - a scroll of holy word
Potions
 a - a potion of berserk rage {unknown}
 b - 3 potions of lignification
 c - 4 potions of might
 d - 2 potions of cancellation
 i - a potion of flight
 n - 2 potions of invisibility
 t - a potion of resistance
 E - 2 potions of ambrosia
 G - 4 potions of mutation
 K - 4 potions of attraction
Miscellaneous
 s - a lightning rod (4/4) (quivered)
 Q - a phantom mirror


   Skills:
 + Level 14.0 Fighting
 - Level 16.5 Polearms
 + Level 9.8 Armour
 - Level 2.6 Dodging
 + Level 15.8 Shields
 + Level 1.0 Unarmed Combat
 * Level 13.3 Evocations


You had 15 spell levels left.
You didn't know any spells.
Your spell library was empty.

Dungeon Overview and Level Annotations

Branches:
Dungeon (15/15)            Temple (0/1) D:7            Lair (6/6) D:10
  Swamp (1/4) Lair:3        Snake (0/4) Lair:3        Slime (0/5) Lair:6
    Orc (2/2) D:12            Elf (0/3) Orc:2        Vaults (0/5) D:14
 Depths (0/4) D:15          IceCv (visited)

Altars:
Hepliaklqana
Kikubaaqudgha
Makhleb
Okawaru
Qazlal
Uskayaw
Vehumet
Yredelemnul
Zin
Beogh

Shops:
D:4 =   D:9 !   D:13 :   D:15 [   Orc:2 ?([*

Annotations:
D:6 1 runed translucent door
Orc:1 exclusion: oklob plant


Innate Abilities, Weirdness & Mutations

You are very nimble when in or above water. (Stealth+, EV+, Speed+++)
Your lower body shifts to a powerful aquatic tail in water.


Message History

The eight-headed hydra bites you!
* * * LOW HITPOINT WARNING * * *
You feel better. The swamp dragon completely misses you.
You block the swamp dragon's attack. x2
The eight-headed hydra barely misses you.
The eight-headed hydra closely misses you.
The eight-headed hydra bites you but does no damage.
You block the eight-headed hydra's attack.
The eight-headed hydra bites you but does no damage.
The eight-headed hydra bites you.
* * * LOW HITPOINT WARNING * * *
You block the eight-headed hydra's attack.
The eight-headed hydra bites you.
* * * LOW HITPOINT WARNING * * *
Okay, then.
Okay, then.
As you read the scroll of summoning, it crumbles to dust.
Wisps of shadow whirl around you...
The swamp dragon breathes poison at you.
The blast of poison engulfs you!
You are poisoned.
* * * LOW HITPOINT WARNING * * *
You block the eight-headed hydra's attack. x2
The eight-headed hydra bites you.
* * * LOW HITPOINT WARNING * * *
The eight-headed hydra closely misses you.
The eight-headed hydra bites you but does no damage.
The eight-headed hydra closely misses you. x3
You feel better.
You are engulfed in poison gas.
You are lethally poisoned!
* * * LOW HITPOINT WARNING * * *
x2 You feel very sick.
Your blink frog blinks!
Your blink frog hits the eight-headed hydra!
Your cane toad closely misses the swamp dragon.
You block the swamp dragon's attack. The swamp dragon closely misses you.
You block the swamp dragon's attack.
You block the eight-headed hydra's attack.
The eight-headed hydra bites you.
You die...

#### ######....## ##.......#
##..## #.....P# #P......##
##.#..# #####....### ###.....#
#....## #..........# #......#
#.....♣ #..........## ##.....##
......♣ ♣♣♣♣♣.......# ##....†.#
.♣♣♣♣♣♣♣♣♣♣♣♣♣♣♣♣♣..####P.....##
♣♣≈≈≈≈≈≈≈≈≈♣≈≈§FF♣♣..#.##.....#
....♣.♣.......FF@♣♣##.........##
..♣.......♣...§DD♣ #..........#
♣♣≈≈≈≈≈≈≈≈≈≈≈≈≈§F♣♣##..........#
.♣♣♣♣♣♣♣♣♣♣♣♣♣♣♣♣♣#.#.........##
......♣♣♣♣♣♣♣♣..........###.###
.......................#.####
###.....................##
##...................##
##..................#


You could see an eight-headed hydra, a swamp dragon (catching breath, ally
target), a friendly cane toad (summoned), 3 friendly blink frogs and a friendly
bullfrog (summoned).

Vanquished Creatures
  Rupert (D:11)
  Jorgrun (Orc:1)
  An orc warlord (Orc:2)
  Nessos (Lair:6)
  An ettin (D:15)
  Snorg (D:10)
  Josephine (D:14)
  11 hydras
  A great orb of eyes (D:15)
  6 boulder beetles
  Harold (D:7)
  A vault guard (D:14)
  5 centaur warriors
  An ice dragon (Orc:2)
  A merfolk avatar (Lair:6)
  An alligator (Lair:3)
  A tengu warrior (D:15)
  2 two-headed ogres
  5 death yaks (Lair:6)
  Nergalle (Orc:1)
  Urug (D:12)
  Sonja (D:10)
  5 orc high priests
  A fire crab (Lair:5)
  A deep troll (D:15)
  5 bog bodies
  A swamp dragon (Lair:3)
  A wizard (D:15)
  A harpy (Lair:6)
  2 deep elf pyromancers
  2 orc sorcerers
  2 orc knights
  11 ugly things
  A necromancer (D:15)
  2 oklob plants
  4 cyclopes
  18 elephants
  4 manticores
  Joseph (D:7)
  7 black mambas
  A torpor snail (Lair:6)
  An ice statue (IceCv)
  Maggie (D:7)
  14 cane toads
  Psyche (D:8)
  2 gargoyles
  A yaktaur (D:15)
  11 komodo dragons
  5 rime drakes
  A tengu conjurer (D:14)
  2 efreet
  An entropy weaver simulacrum (IceCv)
  6 polar bears
  11 trolls
  3 meliai
  27 blink frogs
  2 snapping turtles (Lair:6)
  A wind drake (Lair:6)
  2 slime creatures (D:12)
  A shadow (D:13)
  A vampire (D:11)
  6 wraiths
  7 wyverns
  53 yaks
  A dire elephant simulacrum (IceCv)
  A fire elemental (D:14)
  Grum (D:8)
  4 basilisks
  A steam dragon (Lair:6)
  Menkaure (D:7)
  2 harpy simulacra (IceCv)
  6 vampire mosquitoes
  3 death yak simulacra (IceCv)
  Edmund (D:6)
  A redback simulacrum (D:15)
  3 swamp worms (Lair:3)
  2 acid dragons
  4 wargs
  19 water moccasins
  27 orc warriors
  A hornet zombie (D:7)
  An ice beast (D:7)
  4 black bears
  2 necrophages
  A sky beast (D:5)
  24 wolves
  2 ogres
  7 boggarts
  12 centaurs
  A phantom (D:6)
  Blork the orc (D:6)
  12 bullfrogs
  2 wyvern zombies (D:8)
  A scorpion (D:7)
  7 two-headed ogre simulacra (IceCv)
  4 cane toad simulacra (IceCv)
  A water moccasin skeleton (D:5)
  3 elephant simulacra (IceCv)
  3 killer bees (D:11)
  2 electric eels
  A vampire bat (D:6)
  19 wights
  3 howler monkeys
  A bullfrog zombie (D:6)
  2 gnoll shamans
  23 orc priests
  A centaur zombie (D:8)
  A hound (D:5)
  2 jellies
  2 bullfrog skeletons
  34 orc wizards
  8 troll simulacra (IceCv)
  2 polar bear simulacra (IceCv)
  5 spriggan simulacra (IceCv)
  A wolf simulacrum (IceCv)
  2 killer bee zombies (D:8)
  A hound skeleton (D:2)
  Robin (D:3)
  20 gnolls
  A howler monkey zombie (D:5)
  3 naga simulacra (IceCv)
  4 adders
  A shadow imp (D:7)
  5 white imps
  5 ufetubi
  A worm (D:5)
  2 dart slugs
  82 orcs
  3 bat skeletons (D:6)
  2 bat zombies (D:6)
  6 endoplasms
  14 goblins
  8 hobgoblins
  3 jackals (D:5)
  10 kobolds
  A quokka (D:1)
  5 ball pythons
  11 bats
  3 frilled lizards
  A goblin zombie (D:6)
  4 rats
748 creatures vanquished.

Vanquished Creatures (collateral kills)
  An orc sorcerer (Orc:2)
  A warg (Orc:2)
  3 orc warriors (Orc:2)
  An ogre (Orc:2)
  4 orc priests (Orc:2)
  A naga simulacrum (IceCv)
  A white imp (IceCv)
  An ufetubus (IceCv)
  5 orcs (Orc:2)
18 creatures vanquished.

Vanquished Creatures (others)
  A boggart (D:14)
  4 foxfires (Swamp:1)
  28 fungi
  52 plants
85 creatures vanquished.

Grand Total: 851 creatures vanquished

Notes
Turn   | Place    | Note
-------+----------+-------------------------------------------
     0 | D:1      | cbfl8 the Merfolk Berserker began the quest for the Orb.
     0 | D:1      | Reached XP level 1. HP: 18/18 MP: 1/1
   175 | D:1      | Reached XP level 2. HP: 21/24 MP: 2/2
   837 | D:1      | Found a faded altar of an unknown god.
   949 | D:1      | Reached skill level 1 in Evocations
   979 | D:1      | Reached XP level 3. HP: 29/30 MP: 3/3
  1040 | D:1      | Reached skill level 5 in Polearms
  1071 | D:1      | Reached ** piety under Trog
  2016 | D:2      | Reached XP level 4. HP: 35/37 MP: 4/4
  2741 | D:3      | Reached skill level 6 in Polearms
  2741 | D:3      | Reached XP level 5. HP: 38/42 MP: 5/5
  2874 | D:3      | Found a glowing silver altar of Zin.
  2918 | D:3      | Noticed a +0 hand axe
  2919 | D:3      | Found a hide-covered altar of Uskayaw.
  2919 | D:3      | Noticed a +0 dagger
  3171 | D:3      | Noticed Robin
  3303 | D:3      | Killed Robin
  3334 | D:3      | Reached *** piety under Trog
  4485 | D:4      | Found Xatirop's Jewellery Emporium.
  4638 | D:5      | Entered Level 5 of the Dungeon
  4661 | D:5      | Reached XP level 6. HP: 43/49 MP: 6/6
  4699 | D:5      | Noticed a wyvern
  4705 | D:5      | Killed a wyvern
  4706 | D:5      | Reached skill level 7 in Polearms
  4706 | D:5      | Reached skill level 1 in Shields
  5133 | D:5      | Reached XP level 7. HP: 55/55 MP: 7/7
  5507 | D:5      | Reached skill level 5 in Fighting
  5507 | D:5      | Reached skill level 8 in Polearms
  6664 | D:6      | Reached skill level 9 in Polearms
  6664 | D:6      | Reached XP level 8. HP: 31/62 MP: 8/8
  6861 | D:6      | Found a runed translucent door.
  6872 | D:6      | Found a basalt altar of Yredelemnul.
  6923 | D:6      | Identified the +6 war axe of Death's Door {spect, rF-
                  | Will++ rCorr Int+3}
  6987 | D:6      | Noticed Edmund
  7016 | D:6      | Killed Edmund
  7618 | D:6      | Found a burning altar of Makhleb.
  7939 | D:6      | Found an ancient bone altar of Kikubaaqudgha.
  8077 | D:6      | Noticed Blork the orc
  8103 | D:6      | Killed Blork the orc
  8343 | D:7      | Found a staircase to the Ecumenical Temple.
  8680 | D:7      | Reached XP level 9. HP: 38/69 MP: 9/9
  8974 | D:7      | Reached skill level 10 in Polearms
  8982 | D:7      | Noticed Menkaure
  9392 | D:7      | Killed Menkaure
  9650 | D:7      | Noticed Harold
  9667 | D:7      | Killed Harold
  9668 | D:7      | Reached skill level 5 in Evocations
  9856 | D:7      | Reached skill level 5 in Armour
 10006 | D:7      | Noticed Maggie
 10023 | D:7      | Killed Maggie
 10219 | D:7      | Noticed Joseph
 10231 | D:7      | Killed Joseph
 10232 | D:7      | Reached skill level 11 in Polearms
 10232 | D:7      | Reached skill level 5 in Shields
 10232 | D:7      | Reached XP level 10. HP: 77/77 MP: 10/10
 10365 | D:7      | Found a hazy altar of Hepliaklqana.
 10882 | D:7      | Found a radiant altar of Vehumet.
 11927 | D:8      | Noticed Grum
 11940 | D:8      | Reached **** piety under Trog
 11948 | D:8      | Killed Grum
 12709 | D:8      | Noticed Psyche
 12749 | D:8      | Killed Psyche
 13570 | D:9      | Reached skill level 12 in Polearms
 13616 | D:9      | Found Lis Wykk's Distillery.
 13620 | D:9      | Bought a potion of heal wounds for 55 gold pieces
 13620 | D:9      | Bought a potion of mutation for 88 gold pieces
 13620 | D:9      | Bought a potion of curing for 33 gold pieces
 13620 | D:9      | Bought a potion of curing for 33 gold pieces
 13620 | D:9      | Bought a potion of curing for 33 gold pieces
 13819 | D:9      | Noticed a cyclops
 13832 | D:9      | Killed a cyclops
 14123 | D:9      | Reached skill level 1 in Unarmed Combat
 14222 | D:9      | Identified the ring "Haiclupp" {Fly rElec Int+2 SInv}
 14239 | D:8      | Reached XP level 11. HP: 76/84 MP: 11/11
 14314 | D:9      | Found an iron altar of Okawaru.
 14465 | D:10     | Entered Level 10 of the Dungeon
 14514 | D:10     | Noticed an oklob plant
 14621 | D:10     | Noticed Snorg
 14637 | D:10     | Killed Snorg
 14703 | D:10     | Noticed Sonja
 14714 | D:10     | Killed Sonja
 14715 | D:10     | Reached skill level 13 in Polearms
 15382 | D:10     | Found a staircase to the Lair.
 15473 | D:10     | Identified a scroll of acquirement
 15475 | D:10     | Acquired 770 gold pieces
 15908 | D:11     | Noticed a seven-headed hydra
 15920 | D:11     | Killed a seven-headed hydra
 15959 | D:11     | Noticed a two-headed ogre
 15961 | D:11     | Reached ***** piety under Trog
 15968 | D:11     | Killed a two-headed ogre
 16156 | D:11     | Reached XP level 12. HP: 75/94 MP: 12/12
 16471 | D:11     | Identified the +4 scale mail of Golden the Good {rElec
                  | Will+ Str+3 Int+3}
 16510 | D:12     | Noticed Rupert
 16511 | D:12     | Noticed Urug
 16973 | D:11     | Paralysed by Rupert for 5 turns
 16995 | D:11     | Killed Rupert
 16996 | D:11     | Reached skill level 14 in Polearms
 17418 | D:12     | Noticed a five-headed hydra
 17425 | D:12     | Killed a five-headed hydra
 17437 | D:12     | Killed Urug
 17681 | D:12     | Noticed an eight-headed hydra
 17682 | D:12     | Noticed a four-headed hydra
 17705 | D:11     | Killed a four-headed hydra
 17939 | D:12     | Found a staircase to the Orcish Mines.
 18280 | D:12     | Killed an eight-headed hydra
 19222 | D:13     | Noticed a two-headed ogre
 19231 | D:13     | Killed a two-headed ogre
 19374 | D:13     | Reached skill level 15 in Polearms
 19429 | D:13     | Noticed a seven-headed hydra
 19438 | D:13     | Killed a seven-headed hydra
 19439 | D:13     | Reached XP level 13. HP: 103/103 MP: 13/13
 19680 | D:13     | Reached skill level 10 in Fighting
 19921 | D:13     | Found Tegick's Book Emporium.
 20054 | D:13     | Reached skill level 10 in Shields
 20351 | D:14     | Reached skill level 10 in Evocations
 22192 | D:14     | Noticed Josephine
 22203 | D:14     | Killed Josephine
 22517 | D:14     | Found a gate to the Vaults.
 22517 | D:14     | Noticed a vault guard
 22531 | D:14     | Killed a vault guard
 22615 | D:15     | Entered Level 15 of the Dungeon
 23036 | D:15     | Noticed a great orb of eyes
 24214 | D:15     | Killed a great orb of eyes
 24239 | D:15     | Reached XP level 14. HP: 113/113 MP: 14/14
 24262 | D:15     | Found a staircase to the Depths.
 24596 | D:15     | Found a stormy altar of Qazlal.
 24684 | D:15     | Reached skill level 16 in Polearms
 26014 | D:15     | Found Reics's Antique Armour Emporium.
 26318 | Lair:1   | Entered Level 1 of the Lair of Beasts
 26820 | Lair:1   | Found a hazy altar of Hepliaklqana.
 28775 | Lair:3   | Found a staircase to the Snake Pit.
 29987 | Lair:3   | Found a staircase to the Swamp.
 30172 | Lair:4   | Received a gift from Trog
 30463 | Lair:4   | Reached XP level 15. HP: 120/120 MP: 15/15
 31909 | Lair:6   | Entered Level 6 of the Lair of Beasts
 32418 | Lair:6   | Identified the +8 war axe of Rakamut {drain, rCorr SInv}
 32418 | Lair:6   | Noticed Nessos
 32434 | Lair:6   | Killed Nessos
 33068 | Lair:6   | Found the ring of the Octopus King
 33102 | Lair:6   | Received a gift from Trog
 33116 | Lair:6   | Identified a ring of the Octopus King {MP+9 AC+1 EV+1 Str+1
                  | Int+1 Dex+1}
 33643 | Lair:6   | Found a staircase to the Slime Pits.
 33926 | Lair:6   | Reached skill level 15 in Shields
 34394 | Orc:1    | Entered Level 1 of the Orcish Mines
 34481 | Orc:1    | Noticed Nergalle
 34502 | Orc:1    | Killed Nergalle
 34513 | Orc:1    | You are sucked into a shaft and drop 1 floor!
 34513 | Orc:2    | Entered Level 2 of the Orcish Mines
 34605 | Orc:2    | Noticed an orc warlord
 34655 | Orc:2    | Reached XP level 16. HP: 74/125 MP: 16/16
 34663 | Orc:2    | Found a frozen archway.
 34688 | IceCv    | Entered an ice cave
 35250 | IceCv    | Identified the +11 glaive of Immorality {vorpal, Will++}
 35259 | IceCv    | Received a gift from Trog
 36985 | Orc:1    | Noticed Jorgrun
 37003 | Orc:1    | Killed Jorgrun
 38387 | Orc:2    | Found a staircase to the Elven Halls.
 38561 | Orc:2    | Reached ****** piety under Trog
 38760 | Orc:2    | Found Domnaid's Antique Weapon Boutique.
 38760 | Orc:2    | Found Pozeniedogg's Magic Scroll Boutique.
 38761 | Orc:2    | Found Carif's Armour Shop.
 38765 | Orc:2    | Found Veunupau's Assorted Antiques.
 38770 | Orc:2    | Bought the +2 helmet of Follow the Leader {Regen+} for 322
                  | gold pieces
 38771 | Orc:2    | Bought a scroll of identify for 28 gold pieces
 38771 | Orc:2    | Bought a scroll of enchant weapon for 105 gold pieces
 39025 | Swamp:1  | Entered Level 1 of the Swamp
 39735 | Lair:3   | HP: 6/133 [swamp dragon/blast of poison (13)]
 39735 | Lair:3   | HP: 1/133 [eight-headed hydra (5)]
 39736 | Lair:3   | Slain by an eight-headed hydra

Illustrated notes

Levels and vault maps discovered:
D:1:      dpeg_arrival_rooms_with_view, layout_loops_corners,
          shapermc_ecumenical_altar_ellora
D:2:      layout_basic, corner_web_ring
D:3:      layout_loops_ring, dancing_weapons_uskayaw,
          mainiacjoe_overflow_small_starburst, uniq_robin
D:4:      layout_basic, serial_corexii_hall, chequers_hall_statues_wall_a,
          corexii_hall_statues_x, corexii_hall_statues_u,
          chequers_hall_statues_y, serial_shops, kennysheep_mini_moat
D:5:      layout_loops_corners, corexii_item_surrounded_by_moat,
          minmay_misc_feat_secret_circle
D:6:      layout_cave_pods, kennysheep_vampire_church, dk_yredelemnul_ordeal,
          lightli_temple_of_fire, serial_glass, glass_columns_a,
          glass_columns_a, minmay_strange_pillars, minmay_strange_pillars,
          corexii_corridor_pit, nrook_mini_vaults, uniq_edmund,
          uniq_blork_the_orc
D:7:      layout_cave_pods, lemuel_round_altar, kennysheep_little_box,
          minmay_temple_entry_drinking_statues, uniq_harold, uniq_joseph,
          uniq_menkaure, uniq_maggie
D:8:      layout_rooms, uniq_grum, uniq_psyche
D:9:      layout_roguey, okawaru_altar_gauntlet_db, serial_shops,
          nicolae_shop_hallway_stairs, minivault_4, hangedman_decor_peaks_small
D:10:     layout_irregular_city, dpeg_oklobed_lair, uniq_sonja, uniq_snorg
D:11:     layout_loops_ring
D:12:     layout_basic, hiddenorc2_lemuel, uniq_urug, uniq_rupert
D:13:     layout_roguey, serial_shops, nicolae_shop_stone
D:14:     layout_small_grid, david_vaults_5, hangedman_decor_lopped,
          grunt_decor_junction, uniq_josephine
D:15:     hangedman_depths_entry_civil_slaughter, layout_rooms, serial_shops,
          nicolae_diamond_shop, grunt_qazlal_clouds, serial_aquarium,
          aquarium_bridge_square [aquarium_subvault_bridge,
          aquarium_subvault_wall, aquarium_subvault_balcony,
          aquarium_subvault_wall], aquarium_bridge_straight
          [aquarium_subvault_bridge, aquarium_subvault_window,
          aquarium_subvault_bridge, aquarium_subvault_wall],
          aquarium_window_fake, aquarium_window_2, aquarium_window_corridor_3,
          aquarium_view_2c, aquarium_view_2d
Lair:1:   layout_gridlike, basic_altar, wad_woods_road_04, grunt_megastairs_3
Lair:2:   layout_roguey
Lair:3:   layout_cellular_growth, nicolae_swamp_entry_splash_gauntlet,
          minmay_snake_entry_six_corridors, beast_lair_carwin_9
Lair:4:   layout_long_grid, st_stairs_6, serial_bayou_shore_b
Lair:5:   layout_regular_city, lookout_lair_type, minivault_26
Lair:6:   gammafunk_lair_ancient_temple, layout_cave_pods,
          minmay_slime_entry_oklob_enclosed, grunt_megastairs_1,
          lemuel_fruit_tree, uniq_nessos
Swamp:1:  layout_basic_swamp, evilmike_swamp_ruin_wall, swamp_pool3,
          nicolae_swamp_bunyip_nook
Orc:1:    layout_caves, basic_altar, statue_in_the_mist_lemuel, mines3_lemuel,
          uniq_nergalle, uniq_jorgrun
Orc:2:    st_orc_mages, layout_caves, portal_ice_cave_entry_animals_and_master,
          nicolae_orc_pool_cavern, roderic_batcave, rock_pile

Skill      XL: |  1  2  3  4  5  6  7  8  9 10 11 12 13 14 15 16 |
---------------+-------------------------------------------------+-----
Evocations     | 1 2 3 4 6 7 8 9 10 11 12 13 | 13.3
Polearms       | 5 6 7 9 11 12 13 15 16 | 16.5
Fighting       | 4 5 6 7 8 9 11 12 13 14 | 14.0
Armour         | 2 3 4 5 6 7 8 9 |  9.8
Shields        | 1 3 5 6 8 9 11 13 15 | 15.8
Unarmed Combat | 1 |  1.0
Dodging        | |  2.6

Action                   |  1- 3 |  4- 6 |  7- 9 | 10-12 | 13-15 | 16-18 || total
-------------------------+-------+-------+-------+-------+-------+-------++-------
Melee: Spear             |    90 |   201 |   548 |    90 |       |       ||   929
       Punch             |     1 |     4 |     1 |       |       |       ||     6
       Trident           |       |       |       |   722 |  2011 |   623 ||  3356
       Unarmed           |       |       |       |    13 |       |       ||    13
Invok: Berserk           |       |     2 |     7 |     9 |    12 |     3 ||    33
       Trog's Hand       |       |       |       |       |     4 |     1 ||     5
       Brothers in Arms  |       |       |       |       |       |     1 ||     1
Evoke: Wand              |       |       |     2 |    24 |     3 |       ||    29
       Lightning rod     |       |       |       |       |     1 |       ||     1
  Use: Scroll            |       |     5 |     4 |    13 |    19 |    10 ||    51
       Potion            |       |       |     7 |       |     6 |     6 ||    19
 Stab: Sleeping          |     8 |       |       |       |       |     1 ||     9
       Paralysed         |       |       |     6 |    22 |     8 |       ||    36
       Invisible         |       |       |     2 |       |       |       ||     2
       Held in net/web   |       |       |       |       |     1 |       ||     1
       Distracted        |       |       |       |       |       |     1 ||     1
Armor: Animal skin       |     9 |       |       |       |       |       ||     9
       Chain mail        |     7 |    69 |   198 |       |       |       ||   274
       Plate armour      |       |       |    24 |   144 |       |       ||   168
       Scale mail        |       |       |       |    46 |   544 |   150 ||   740
Dodge: Dodged            |    14 |    45 |   135 |   134 |   528 |   165 ||  1021
Block: Other             |       |    24 |    34 |       |       |       ||    58
       Buckler           |       |       |   172 |    83 |       |   217 ||   472
       Reflection        |       |       |     5 |    18 |    49 |    13 ||    85
       Kite shield       |       |       |       |   429 |  1937 |   252 ||  2618
